 Dungeon Crawl Stone Soup version 0.21.1-1-g345015fe64 (webtiles) character file.

95 Knicklaso the Grave Robber (level 4, -11/36 HPs)
             Began as a Hill Orc Necromancer on Apr 19, 2018.
             Was an Initiate of Beogh.
             Killed by divine providence
             ... invoked by an orc priest
              (14 damage)
             ... on level 3 of the Dungeon.
             The game lasted 00:07:59 (1972 turns).

Knicklaso the Grave Robber (Hill Orc Necromancer)   Turns: 1972, Time: 00:08:02

Health: -11/36     AC:  3    Str: 10    XL:     4   Next: 65%
Magic:  6/7        EV: 12    Int: 21    God:    Beogh [......]
Gold:   193        SH:  0    Dex: 11    Spells: 5/7 levels left

rFire    . . .     SeeInvis .   d - +2 dagger (drain)
rCold    . . .     Gourm    .   (no shield)
rNeg     . . .     Faith    .   a - +0 robe
rPois    .         Spirit   .   (no helmet)
rElec    .         Reflect  .   x - +0 cloak
rCorr    .         Harm     .   (no gloves)
MR       .....                  (no boots)
Stlth    ++........             (no amulet)
HPRegen  0.12/turn              (no ring)
MPRegen  0.10/turn              (no ring)

@: brilliant
A: no striking features
a: Renounce Religion


You were on level 3 of the Dungeon.
You worshipped Beogh.
Beogh was noncommittal.
You were not hungry.

You visited 1 branch of the dungeon, and saw 3 of its levels.

You collected 193 gold pieces.

Inventory:

Hand Weapons
 d - a +2 dagger of draining (weapon)
 o - a cursed -2 dagger
Armour
 a - a +0 robe (worn)
 q - a +0 shield
 x - a +0 cloak (worn)
Jewellery
 u - an uncursed ring of positive energy {unknown}
Scrolls
 g - 4 scrolls of enchant weapon {unknown}
 h - 2 scrolls of teleportation {unknown}
 i - 3 scrolls of identify {unknown}
 k - 2 scrolls of remove curse {unknown}
 p - a scroll of fear {unknown}
 r - a scroll of amnesia {unknown}
 v - a scroll of enchant armour {unknown}
 w - a scroll of blinking {unknown}
Potions
 e - 3 potions of brilliance
 f - 4 potions of curing {unknown}
 j - a potion of agility {unknown}
 l - 3 potions of heal wounds {unknown}
 m - 2 potions of lignification {unknown}
 n - a potion of cancellation {unknown}
 s - a potion of ambrosia {unknown}
Books
 b - a book of Necromancy

   Spells                             Type                      Level
   a - Pain                           Necromancy                   1
   b - Animate Skeleton               Necromancy                   1
   c - Vampiric Draining              Necromancy                   3
   d - Regeneration                   Charms/Necromancy            3
   e - Animate Dead                   Necromancy                   4
   f - Borgnjor's Vile Clutch         Necromancy/Earth             5
Comestibles
 c - 6 rations
 t - 5 chunks of flesh


   Skills:
 + Level 2.2 Fighting
 - Level 1.5 Dodging
 - Level 1.5 Stealth
 + Level 2.2 Spellcasting
 * Level 5.1 Necromancy


You had 5 spell levels left.
You knew the following spells:

 Your Spells              Type           Power        Failure   Level  Hunger
a - Pain                  Necr           ####         1%          1    #......
b - Animate Skeleton      Necr           N/A          1%          1    #......


Dungeon Overview and Level Annotations

Branches:
Dungeon (3/15)

Altars:
Ashenzari
Dithmenos
Elyvilon
Qazlal


Message History

You swap places.
Your bat skeleton hits the orc but does no damage. x3
The orc hits your bat skeleton with a dagger.
Your bat skeleton closely misses the orc.
Your bat skeleton hits the orc but does no damage.
The orc closely misses your bat skeleton.
The orc priest calls down the wrath of Beogh upon you.
Beogh smites you!
* * * LOW HITPOINT WARNING * * *
The orc hits your bat skeleton with a dagger.
Your bat skeleton barely misses the orc.
It was a potion of brilliance.
You feel clever all of a sudden.
Your bat skeleton barely misses the orc. x2
The orc hits your bat skeleton with a flail!
Your bat skeleton is destroyed!
The orc priest invokes the aid of Beogh against you.
Beogh smites you!
You die...
Beogh appreciates the orc priest's killing of a heretic priest.

#.###.#####...........
#...........#.........
###..........##.#....##.
#(..............##..##..
#.......#######.#..#....
#...........###.#..#...#
###...#.###...#.>(.#...≈
##..##.# #..........^..
#..###@# #..........≈#.
#..# #.###............^
#..###.#..........^)≈.§
#..#.ooo.#.............
#..#.or).#.....####....
...#..).##...### ##.^##
##.#......>..# ##..≈##
#.#.....#...####.%#^≈#
#............[...###≈.


You could see an orc priest, 3 orcs and a rat.

Vanquished Creatures
  An orc wizard (D:3)
  2 adders
  An ooze (D:3)
  A worm (D:3)
  A dart slug (D:1)
  A leopard gecko (D:1)
  2 orcs (D:3)
  A ball python (D:3)
  2 giant cockroaches
  6 hobgoblins
  2 jackals (D:3)
  8 kobolds
  5 bats
  5 frilled lizards
  7 goblins
  11 rats
56 creatures vanquished.

Vanquished Creatures (collateral kills)
  An orc (D:3)
  A hobgoblin (D:1)
  A bat (D:3)
3 creatures vanquished.

Vanquished Creatures (others)
  6 orcs (D:3)
  A hobgoblin (D:3)
7 creatures vanquished.

Grand Total: 66 creatures vanquished

Notes
Turn   | Place    | Note
-------+----------+-------------------------------------------
     0 | D:1      | Knicklaso the Hill Orc Necromancer began the quest for the Orb.
     0 | D:1      | Reached XP level 1. HP: 14/14 MP: 3/3
   101 | D:1      | Reached XP level 2. HP: 16/22 MP: 4/4
   185 | D:1      | Learned a level 1 spell: Animate Skeleton
   263 | D:1      | Reached skill level 1 in Fighting
   486 | D:1      | Reached XP level 3. HP: 28/28 MP: 2/5
   751 | D:2      | Found a shadowy altar of Dithmenos.
   770 | D:2      | Found a white marble altar of Elyvilon.
  1139 | D:2      | Found a shattered altar of Ashenzari.
  1471 | D:3      | Reached XP level 4. HP: 20/36 MP: 0/7
  1817 | D:3      | Found a stormy altar of Qazlal.
  1908 | D:3      | Became a worshipper of Beogh the Brigand
  1915 | D:3      | Reached skill level 5 in Necromancy
  1972 | D:3      | Killed from afar by an orc priest

Skill      XL: |  1  2  3  4 |
---------------+-------------+-----
Fighting       | 1 2 |  2.2
Spellcasting   | 2 |  2.2
Necromancy     | 5 |  5.1
Dodging        | |  1.5
Stealth        | |  1.5

Action                   |  1- 3 |  4- 6 || total
-------------------------+-------+-------++-------
Melee: Dagger            |    47 |    26 ||    73
       Unarmed           |     1 |       ||     1
 Cast: Pain              |    27 |    18 ||    45
       Animate Skeleton  |    10 |     4 ||    14
Invok: Convert to Beogh  |       |     1 ||     1
  Use: Potion            |       |     1 ||     1
 Stab: Sleeping          |     3 |       ||     3
       Distracted        |     1 |       ||     1
  Eat: Ration            |     1 |       ||     1
       Chunk             |       |     2 ||     2
Armor: Robe              |     4 |     7 ||    11
Dodge: Dodged            |    36 |    26 ||    62
